 Dungeon Crawl Stone Soup version 0.29-a0-330-g52719c12eb (webtiles) character file.

Game seed: 5972747406076201056

3383 sanka the Martial Artist (level 10, -7/80 HPs)
             Began as a Gnoll Monk on Apr 21, 2022.
             Was a High Priest of Cheibriados.
             Mangled by a molten gargoyle
             ... wielding a +0 flail
              (15 damage)
             ... on level 9 of the Dungeon.
             The game lasted 00:17:56 (9969 turns).

sanka the Martial Artist (Gnoll Monk)               Turns: 9969, Time: 00:17:57

Health: -7/80      AC:  3    Str: 28    XL:     10   Next: 4%
Magic:  26/26      EV: 19    Int: 25    God:    Cheibriados [*****.]
Gold:   221        SH:  0    Dex: 25    Spells: 3/18 levels left

rFire   . . .      SeeInvis .     - Unarmed
rCold   . . .      Faith    .   (no shield)
rNeg    . . .      Spirit   .   a - +0 robe
rPois   .          Reflect  .   (no helmet)
rElec   .          Harm     .   (no cloak)
rCorr   .          Rampage  .   N - +0 pair of gloves
Will    .....                   (no boots)
Stlth   ++++......              z - amulet of regeneration
HPRegen 1.03/turn               h - +6 ring of strength
MPRegen 0.20/turn               i - ring of magical power

@: very slow
A: fangs 1, strong nose, distributed training
a: Renounce Religion, Bend Time, Temporal Distortion, Slouch, Step From Time


You were on level 9 of the Dungeon.
You worshipped Cheibriados.
Cheibriados was extremely pleased with you.
You visited 2 branches of the dungeon, and saw 10 of its levels.
You also visited: Sewer.

You collected 435 gold pieces.
You spent 214 gold pieces at shops.


Innate Abilities, Weirdness & Mutations

You have very sharp teeth.
Your uncanny sense of smell can sniff out nearby items.
Your experience applies equally to all skills.


   Skills:
 + Level 8.2 Fighting
 + Level 4.8 Short Blades
 + Level 4.8 Long Blades
 + Level 4.8 Axes
 + Level 4.8 Maces & Flails
 + Level 4.8 Polearms
 + Level 4.8 Staves
 + Level 4.8 Slings
 + Level 4.8 Bows
 + Level 4.8 Crossbows
 + Level 4.8 Throwing
 + Level 4.8 Armour
 + Level 8.2 Dodging
 + Level 6.5 Stealth
 + Level 4.8 Shields
 + Level 8.2 Unarmed Combat
 + Level 4.8 Spellcasting
 + Level 4.0 Conjurations
 + Level 4.0 Hexes
 + Level 4.0 Summonings
 + Level 4.0 Necromancy
 + Level 4.0 Translocations
 + Level 4.0 Transmutations
 + Level 4.0 Fire Magic
 + Level 4.0 Ice Magic
 + Level 4.0 Air Magic
 + Level 4.0 Earth Magic
 + Level 4.0 Poison Magic
 + Level 5.3 Invocations
 + Level 4.8 Evocations


You had 3 spell levels left.
You knew the following spells:

 Your Spells              Type           Power      Damage    Failure   Level
w - Passage of Golubria   Tloc           26%        N/A       16%         4
z - Stone Arrow           Conj/Erth      52%        3d10      4%          3
N - Passwall              Tmut/Erth      21%        N/A       2%          2
X - Statue Form           Tmut/Erth      17%        N/A       94%         6

Your spell library contained the following spells:

 Spells                   Type           Power      Damage    Failure   Level
 Beastly Appendage        Tmut           52%        N/A       1%          1
 Ensorcelled Hibernation  Hex/Ice        52%        N/A       2%          2
 Wereblood                Tmut           26%        N/A       2%          2
 Spider Form              Tmut/Pois      26%        N/A       4%          3
 Swiftness                Air            26%        N/A       4%          3
 Tukima's Dance           Hex            26%        N/A       4%          3
 Animate Armour           Summ/Erth      52%        N/A       16%         4
 Petrify                  Tmut/Erth      26%        N/A       16%         4
 Metabolic Englaciation   Hex/Ice        13%        N/A       41%         5
 Yara's Violent Unravell  Hex/Tmut       13%        3d7       41%         5
 Lehudib's Crystal Spear  Conj/Erth      13%        10d4      100%        8

Inventory:

Missiles
 w - 13 poisoned darts
 D - 2 javelins
Armour
 a - a +0 robe (worn)
 G - a +1 ring mail of fire resistance
 N - a +0 pair of gloves (worn)
Jewellery
 h - a +6 ring of strength (left hand)
 i - a ring of magical power (right hand)
 t - an amulet of the acrobat
 z - an amulet of regeneration (around neck)
 A - a ring of positive energy
 J - a ring of poison resistance
 L - an amulet of guardian spirit
 M - an amulet of reflection
 P - a ring of ice
Wands
 k - a wand of mindburst (11)
 K - a wand of flame (38)
Scrolls
 c - 2 scrolls of immolation {!r}
 f - 4 scrolls of noise {!r}
 j - a scroll of silence {!r}
 n - 2 scrolls of fear
 s - 3 scrolls of teleportation {@r4}
 v - 4 scrolls of enchant armour
 y - a scroll of magic mapping
 B - 2 scrolls of enchant weapon
 C - 2 scrolls of blinking
 E - 2 scrolls of amnesia
 I - a scroll of brand weapon {unknown}
 O - a scroll of summoning
 Q - a scroll of identify {@r1}
 R - a scroll of fog {unknown}
Potions
 b - 4 potions of ambrosia
 d - a potion of heal wounds {@q2}
 e - 3 potions of flight
 g - a potion of invisibility
 l - a potion of haste {unknown}
 m - 3 potions of attraction {unknown}
 o - 2 potions of berserk rage {unknown}
 p - 3 potions of lignification {unknown}
 q - 4 potions of mutation {!q}
 r - a potion of might {unknown}
 u - 2 potions of curing {unknown}
 x - 2 potions of magic {unknown}
 F - 2 potions of degeneration {unknown}
 H - a potion of cancellation {unknown}

Dungeon Overview and Level Annotations

Branches:
Dungeon (9/15)             Temple (1/1) D:4           Sewer (visited)
   Lair: D:8-11         Orc: D:9-12

Altars:
Ashenzari
Cheibriados
Dithmenos
Elyvilon
Fedhas
Gozag
Hepliaklqana
Kikubaaqudgha
Makhleb
Nemelex Xobeh
Okawaru
Qazlal
Sif Muna
Trog
Uskayaw
Vehumet
Wu Jian
Xom
Yredelemnul
Zin
The Shining One

Shops:
D:1 ? D:6

( ▒.▒.≈8≈≈≈≈..▒
▒...S.≈...▒
▒.▒.▒.▒ ▒.▒8▒.▒
∆....▒▒.▒▒ .....
▒?8▒ ∆▒
>......▒▒▒.▒▒▒.▒
.........88....▒
..........g..▒▒▒
▒▒▒....▒▒▒▒▒▒▒ ∆
.▒. ▒


You could see 4 molten gargoyles.


Message History

Found a stone staircase leading down.
The lava snake hisses angrily.
The lava snake spits lava at you. The glob of lava hits you!
A molten gargoyle comes into view. It is wielding a +0 morningstar.
The molten gargoyle misses you.
The molten gargoyle hits you with a +0 mace!
You are engulfed in flames!
The molten gargoyle attacks as you move away!
The molten gargoyle completely misses you.
The molten gargoyle blasts magma at you!
The bolt of magma misses you.
The molten gargoyle blasts magma at you!
The bolt of magma misses you.
A molten gargoyle comes into view. It is wielding a +0 flail.
You see here a scroll of amnesia.
The molten gargoyle attacks as you move away!
The molten gargoyle barely misses you. The molten gargoyle barely misses you.
The molten gargoyle attacks as you move away!
The molten gargoyle misses you.
The molten gargoyle blasts magma at you!
The bolt of magma hits you!!
* * * LOW HITPOINT WARNING * * *
The molten gargoyle hits you with a +0 mace!
* * * LOW HITPOINT WARNING * * *
You are engulfed in flames!
* * * LOW HITPOINT WARNING * * *
The molten gargoyle hits you with a +0 flail!
You die...

Action                   |  1- 3 |  4- 6 |  7- 9 | 10-12 || total
-------------------------+-------+-------+-------+-------++-------
Melee: Unarmed           |    73 |   226 |   117 |    12 ||   428
       Bite              |     5 |    15 |    13 |     4 ||    37
       Punch             |     2 |     3 |     2 |       ||     7
Throw: Dart              |       |     2 |     9 |       ||    11
 Cast: Stone Arrow       |       |       |    66 |     2 ||    68
Invok: Bend Time         |       |       |     1 |       ||     1
Evoke: Wand              |       |     1 |     6 |       ||     7
  Use: Scroll            |     4 |     9 |     4 |       ||    17
 Stab: Sleeping          |     6 |    16 |     3 |     1 ||    26
Armor: Robe              |     8 |    19 |     9 |     2 ||    38
Dodge: Dodged            |    45 |   219 |   142 |    12 ||   418

Levels and vault maps discovered:
D:1:      dpeg_arrival_arbitrary_a, layout_basic, serial_shops, shop_scrolls,
          minmay_pentomino_p4
D:2:      minmay_skewed_foursquare, layout_loops_cross,
          shapermc_ecumenical_altar_mp_urbaneastern, uniq_jessica
D:3:      kb_forest_paths, layout_loops_ring, st_stairs_12, wad_rectangle_vault
D:4:      layout_rooms, minmay_temple_entry_mist, gup_sewer_entry_glass
D:5:      layout_rooms, mainiacjoe_overflow_alcove_2
D:6:      layout_gridville, nicolae_uskayaw_murder_on_the_dancefloor,
          pf_just_have_faith, serial_shops, nicolae_take_the_stairs,
          dreamdust_mushroom_princess, minmay_misc_feat_nine_boxes
D:7:      layout_basic, mainiacjoe_overflow_small_starburst,
          mainiacjoe_overflow_catwalk, nicolae_ashenzari_panopticon
D:8:      layout_basic, mainiacjoe_overflow_surrounded_room, marbit_many_paths
D:9:      layout_rooms, minivault_8
Temple:   nicolae_temple_figure_eight

Notes
Turn   | Place    | Note
-------+----------+-------------------------------------------
     0 | D:1      | sanka the Gnoll Monk began the quest for the Orb.
     0 | D:1      | Reached XP level 1. HP: 23/23 MP: 1/1
   379 | D:1      | Reached XP level 2. HP: 29/29 MP: 2/2
   404 | D:1      | Found Yloosat's Magic Scroll Shop.
   695 | D:1      | Reached XP level 3. HP: 20/35 MP: 3/3
   963 | D:1      | Bought a scroll of identify for 26 gold pieces
   963 | D:1      | Bought a scroll of noise for 13 gold pieces
   965 | D:1      | Bought 2 scrolls of identify for 52 gold pieces
  1028 | D:2      | Reached skill level 1 in Invocations
  1100 | D:2      | Found a faded altar of an unknown god.
  1278 | D:2      | Reached skill level 1 in Short Blades
  1278 | D:2      | Reached skill level 1 in Long Blades
  1278 | D:2      | Reached skill level 1 in Axes
  1278 | D:2      | Reached skill level 1 in Maces & Flails
  1278 | D:2      | Reached skill level 1 in Polearms
  1278 | D:2      | Reached skill level 1 in Staves
  1278 | D:2      | Reached skill level 1 in Slings
  1278 | D:2      | Reached skill level 1 in Bows
  1278 | D:2      | Reached skill level 1 in Crossbows
  1278 | D:2      | Reached skill level 1 in Throwing
  1278 | D:2      | Reached skill level 1 in Armour
  1278 | D:2      | Reached skill level 1 in Shields
  1278 | D:2      | Reached skill level 1 in Spellcasting
  1278 | D:2      | Reached skill level 1 in Evocations
  1588 | D:2      | Reached XP level 4. HP: 41/41 MP: 5/5
  1712 | D:2      | Noticed Jessica
  1730 | D:2      | Killed Jessica
  1731 | D:2      | Reached skill level 1 in Conjurations
  1731 | D:2      | Reached skill level 1 in Hexes
  1731 | D:2      | Reached skill level 1 in Summonings
  1731 | D:2      | Reached skill level 1 in Necromancy
  1731 | D:2      | Reached skill level 1 in Translocations
  1731 | D:2      | Reached skill level 1 in Transmutations
  1731 | D:2      | Reached skill level 1 in Fire Magic
  1731 | D:2      | Reached skill level 1 in Ice Magic
  1731 | D:2      | Reached skill level 1 in Air Magic
  1731 | D:2      | Reached skill level 1 in Earth Magic
  1731 | D:2      | Reached skill level 1 in Poison Magic
  2238 | D:3      | Reached XP level 5. HP: 45/47 MP: 6/6
  3129 | D:3      | Reached XP level 6. HP: 52/53 MP: 8/8
  3135 | D:3      | Reached skill level 2 in Invocations
  3395 | D:4      | Found a staircase to the Ecumenical Temple.
  3404 | Temple   | Entered the Ecumenical Temple
  3555 | Temple   | Became a worshipper of Cheibriados the Contemplative
  3555 | Temple   | Reached * piety under Cheibriados
  3555 | Temple   | Reached ** piety under Cheibriados
  3560 | Temple   | Learned a level 3 spell: Stone Arrow
  3565 | Temple   | Learned a level 4 spell: Passage of Golubria
  3664 | D:4      | Found a glowing drain.
  3671 | D:4      | Identified 2 scrolls of acquirement
  3705 | Sewer    | Entered a sewer
  3920 | Sewer    | Reached *** piety under Cheibriados
  3960 | Sewer    | Reached skill level 2 in Short Blades
  3960 | Sewer    | Reached skill level 2 in Long Blades
  3960 | Sewer    | Reached skill level 2 in Axes
  3960 | Sewer    | Reached skill level 2 in Maces & Flails
  3960 | Sewer    | Reached skill level 2 in Polearms
  3960 | Sewer    | Reached skill level 2 in Staves
  3960 | Sewer    | Reached skill level 2 in Slings
  3960 | Sewer    | Reached skill level 2 in Bows
  3960 | Sewer    | Reached skill level 2 in Crossbows
  3960 | Sewer    | Reached skill level 2 in Throwing
  3960 | Sewer    | Reached skill level 2 in Armour
  3960 | Sewer    | Reached skill level 2 in Shields
  3960 | Sewer    | Reached skill level 2 in Spellcasting
  3960 | Sewer    | Reached skill level 2 in Evocations
  4452 | D:4      | Acquired an amulet of regeneration
  4454 | D:4      | Acquired a book of Sloth
  4930 | D:4      | Reached XP level 7. HP: 59/59 MP: 10/10
  5009 | D:5      | Entered Level 5 of the Dungeon
  5184 | D:5      | Reached skill level 7 in Fighting
  5184 | D:5      | Reached skill level 7 in Dodging
  5184 | D:5      | Reached skill level 7 in Unarmed Combat
  5209 | D:5      | Reached skill level 2 in Conjurations
  5209 | D:5      | Reached skill level 2 in Hexes
  5209 | D:5      | Reached skill level 2 in Summonings
  5209 | D:5      | Reached skill level 2 in Necromancy
  5209 | D:5      | Reached skill level 2 in Translocations
  5209 | D:5      | Reached skill level 2 in Transmutations
  5209 | D:5      | Reached skill level 2 in Fire Magic
  5209 | D:5      | Reached skill level 2 in Ice Magic
  5209 | D:5      | Reached skill level 2 in Air Magic
  5209 | D:5      | Reached skill level 2 in Earth Magic
  5209 | D:5      | Reached skill level 2 in Poison Magic
  5429 | D:5      | Reached **** piety under Cheibriados
  5588 | D:5      | Reached skill level 5 in Stealth
  5588 | D:5      | Reached skill level 3 in Invocations
  5623 | D:5      | Reached XP level 8. HP: 34/67 MP: 12/12
  5626 | D:5      | Reached skill level 3 in Short Blades
  5626 | D:5      | Reached skill level 3 in Long Blades
  5626 | D:5      | Reached skill level 3 in Axes
  5626 | D:5      | Reached skill level 3 in Maces & Flails
  5626 | D:5      | Reached skill level 3 in Polearms
  5626 | D:5      | Reached skill level 3 in Staves
  5626 | D:5      | Reached skill level 3 in Slings
  5626 | D:5      | Reached skill level 3 in Bows
  5626 | D:5      | Reached skill level 3 in Crossbows
  5626 | D:5      | Reached skill level 3 in Throwing
  5626 | D:5      | Reached skill level 3 in Armour
  5626 | D:5      | Reached skill level 3 in Shields
  5626 | D:5      | Reached skill level 3 in Spellcasting
  5626 | D:5      | Reached skill level 3 in Evocations
  5793 | D:5      | Learned a level 2 spell: Passwall
  6145 | D:5      | Found a glowing golden altar of the Shining One.
  6290 | D:6      | Found a basalt altar of Yredelemnul.
  6333 | D:6      | Found a hide-covered altar of Uskayaw.
  6579 | D:6      | Found Oryig's Antique Weapon Shoppe.
  6583 | D:6      | Reached skill level 4 in Invocations
  6584 | D:6      | Reached skill level 3 in Conjurations
  6584 | D:6      | Reached skill level 3 in Hexes
  6584 | D:6      | Reached skill level 3 in Summonings
  6584 | D:6      | Reached skill level 3 in Necromancy
  6584 | D:6      | Reached skill level 3 in Translocations
  6584 | D:6      | Reached skill level 3 in Transmutations
  6584 | D:6      | Reached skill level 3 in Fire Magic
  6584 | D:6      | Reached skill level 3 in Ice Magic
  6584 | D:6      | Reached skill level 3 in Air Magic
  6584 | D:6      | Reached skill level 3 in Earth Magic
  6584 | D:6      | Reached skill level 3 in Poison Magic
  6756 | D:6      | Reached XP level 9. HP: 72/72 MP: 14/14
  7425 | D:7      | Found a stormy altar of Qazlal.
  7501 | D:7      | Reached skill level 4 in Short Blades
  7501 | D:7      | Reached skill level 4 in Long Blades
  7501 | D:7      | Reached skill level 4 in Axes
  7501 | D:7      | Reached skill level 4 in Maces & Flails
  7501 | D:7      | Reached skill level 4 in Polearms
  7501 | D:7      | Reached skill level 4 in Staves
  7501 | D:7      | Reached skill level 4 in Slings
  7501 | D:7      | Reached skill level 4 in Bows
  7501 | D:7      | Reached skill level 4 in Crossbows
  7501 | D:7      | Reached skill level 4 in Throwing
  7501 | D:7      | Reached skill level 4 in Armour
  7501 | D:7      | Reached skill level 4 in Shields
  7501 | D:7      | Reached skill level 4 in Spellcasting
  7501 | D:7      | Reached skill level 4 in Evocations
  7709 | D:7      | Found a broken altar of Ashenzari.
  7872 | D:7      | Reached skill level 6 in Stealth
  7904 | D:7      | Found a shimmering blue altar of Sif Muna.
  8592 | D:1      | Bought a scroll of summoning for 123 gold pieces
  8728 | D:8      | Reached skill level 8 in Fighting
  8728 | D:8      | Reached skill level 8 in Dodging
  8728 | D:8      | Reached skill level 8 in Unarmed Combat
  8940 | D:8      | Found an iron altar of Okawaru.
  9017 | D:8      | Reached ***** piety under Cheibriados
  9065 | D:8      | Noticed a hornet
  9069 | D:8      | Killed a hornet
  9070 | D:8      | Reached skill level 5 in Invocations
  9200 | D:8      | Found a radiant altar of Vehumet.
  9374 | D:8      | Reached XP level 10. HP: 80/80 MP: 8/17
  9483 | D:8      | Reached skill level 4 in Conjurations
  9483 | D:8      | Reached skill level 4 in Hexes
  9483 | D:8      | Reached skill level 4 in Summonings
  9483 | D:8      | Reached skill level 4 in Necromancy
  9483 | D:8      | Reached skill level 4 in Translocations
  9483 | D:8      | Reached skill level 4 in Transmutations
  9483 | D:8      | Reached skill level 4 in Fire Magic
  9483 | D:8      | Reached skill level 4 in Ice Magic
  9483 | D:8      | Reached skill level 4 in Air Magic
  9483 | D:8      | Reached skill level 4 in Earth Magic
  9483 | D:8      | Reached skill level 4 in Poison Magic
  9492 | D:8      | Learned a level 6 spell: Statue Form
  9960 | D:9      | Noticed a molten gargoyle
  9963 | D:9      | Noticed a molten gargoyle
  9963 | D:9      | Noticed a molten gargoyle
  9966 | D:9      | Noticed a molten gargoyle
  9969 | D:9      | HP: 8/80 [molten gargoyle/+0 mace (8)]
  9969 | D:9      | Mangled by a molten gargoyle

Vanquished Creatures
  A hornet (D:8)
  A wyvern (D:8)
  3 yaks (D:8)
  2 water moccasins (D:7)
  An ice beast (D:5)
  2 sky beasts
  4 centaurs
  An ogre (D:5)
  A kobold brigand (D:6)
  3 bullfrogs
  A necrophage (D:6)
  2 scorpions
  8 wights
  A howler monkey (D:8)
  2 jellies
  2 orc priests
  6 hounds
  Jessica (D:2)
  4 iguanas
  2 orc wizards (D:8)
  15 adders
  4 gnolls
  3 white imps
  An ufetubus (D:4)
  3 worms
  A dart slug (D:5)
  19 orcs
  15 ball pythons
  3 bats
  12 endoplasms
  8 giant cockroaches
  8 hobgoblins
  14 kobolds
  10 quokkas
  9 frilled lizards
  5 goblins
  9 rats
187 creatures vanquished.

Vanquished Creatures (others)
  A fungus (D:2)
1 creature vanquished.

Grand Total: 188 creatures vanquished
